 Dungeon Crawl Stone Soup version 0.30-a0-986-g7f2e898f52 (webtiles) character file.

Game seed: 17100184007002145754

13634 grindst0ne the Fighter (level 11, -4/110 HPs)
             Began as a Minotaur Monk on Mar 31, 2023.
             Was a Priest of Cheibriados.
             Slain by a komodo dragon (5 damage)
             ... on level 1 of the Lair of Beasts on Apr 1, 2023.
             The game lasted 00:31:31 (14247 turns).

grindst0ne the Fighter (Minotaur Monk)             Turns: 14247, Time: 00:31:32

Health: -4/110     AC: 15    Str: 26    XL:     11   Next: 78%
Magic:  13/13      EV: 10    Int: 13    God:    Cheibriados [***...]
Gold:   62         SH:  9    Dex: 20    Spells: 10/10 levels left

rFire   + + .      SeeInvis .    h - +2 dagger (venom)
rCold   . . .      Faith    .    (no shield)
rNeg    . . .      Spirit   .    n - +0 chain mail
rPois   +          Reflect  +    (helmet restricted)
rElec   .          Rampage  .    z - +2 cloak
rCorr   +                        i - +0 pair of gloves
Will    .....                    (no boots) Stlth
                                 q - amulet of reflection
HPRegen 0.38/turn                y - ring of protection from fire
MPRegen 0.13/turn                I - ring "Jothuss" {Contam rPois rF+ rCorr Str+3}

@: lethally poisoned (-4 -> -4), studying Necromancy, very slow
A: horns 2, retaliatory headbutt, large bone plates 1, clumsy 1
a: Renounce Religion, Bend Time, Temporal Distortion


You were on level 1 of the Lair of Beasts.
You worshipped Cheibriados.
Cheibriados was most pleased with you.
You visited 3 branches of the dungeon, and saw 12 of its levels.

You collected 545 gold pieces.
You spent 483 gold pieces at shops.

Inventory:

Hand Weapons
 h - a +2 dagger of venom (weapon)
Missiles
 r - 4 throwing nets
 v - 8 poisoned darts
Armour
 b - a +0 robe
 i - a +0 pair of gloves (worn)
 n - a +0 chain mail (worn)
 z - a +2 cloak (worn)
 A - a +0 plate armour
Jewellery
 o - an amulet of guardian spirit
 q - an amulet of reflection (around neck)
 y - a ring of protection from fire (left hand)
 E - a ring of resist corrosion
 I - the ring "Jothuss" (right hand) {Contam rPois rF+ rCorr Str+3}
   (You bought it in a shop on level 2 of the Dungeon)

   [ring of poison resistance]

   Str:       It affects your strength (+3).
   rF:        It protects you from fire.
   rPois:     It protects you from poison.
   Contam:    It causes magical contamination when unequipped.
   rCorr:     It protects you from acid and corrosion.
Wands
 c - a wand of digging (9)
 C - a wand of flame (7)
 F - a wand of paralysis (5) (quivered)
 H - a wand of mindburst (7)
Scrolls
 a - 2 scrolls of teleportation
 d - 2 scrolls of enchant weapon
 g - 4 scrolls of blinking
 j - 3 scrolls of enchant armour
 k - 3 scrolls of fog
 m - 4 scrolls of torment
 p - 2 scrolls of immolation {unknown}
 u - a scroll of amnesia
 x - 2 scrolls of magic mapping {unknown}
 D - a scroll of poison
Potions
 e - a potion of invisibility {unknown}
 s - 3 potions of mutation
 t - 2 potions of brilliance
 B - 6 potions of attraction
 G - 3 potions of ambrosia


   Skills:
 + Level 14.0 Fighting
 - Level 13.4 Axes
 - Level 8.1 Armour
 - Level 3.2 Dodging
 - Level 1.5 Stealth
 * Level 5.0 Invocations
 - Level 6.0 Evocations


You had 10 spell levels left.
You didn't know any spells.
Your spell library contained the following spells:

 Spells                   Type           Power      Damage    Failure   Level
 Freeze                   Ice            0%         1d3       85%         1
 Blink                    Tloc           0%         N/A       94%         2
 Frozen Ramparts          Ice            0%         1d1       99%         3
 Hailstorm                Conj/Ice       0%         3d3       99%         3
 Leda's Liquefaction      Hex/Erth       0%         N/A       100%        4
 Manifold Assault         Tloc           0%         N/A       100%        4
 Petrify                  Tmut/Erth      0%         N/A       100%        4
 Lee's Rapid Deconstruct  Erth           0%         3d4*      100%        5
 Metabolic Englaciation   Hex/Ice        0%         N/A       100%        5
 Statue Form              Tmut/Erth      0%         N/A       100%        6
 Storm Form               Tmut/Air       0%         N/A       100%        7


Dungeon Overview and Level Annotations

Branches:
Dungeon (10/15)            Temple (1/1) D:4            Lair (1/5) D:10
    Orc: D:9-12

Altars:
Ashenzari
Cheibriados
Dithmenos
Elyvilon
Fedhas
Gozag
Hepliaklqana
Kikubaaqudgha
Makhleb
Nemelex Xobeh
Okawaru
Qazlal
Ru
Sif Muna
Trog
Uskayaw
Vehumet
Wu Jian
Xom
Yredelemnul
Zin
The Shining One

Shops:
D:1 (   D:2 =


Innate Abilities, Weirdness & Mutations

You have a pair of horns on your head.
You reflexively headbutt those who attack you in melee.
You are partially covered in large bone plates. (SH +4)
You are clumsy. (Dex -2)


Message History

You feel sick. You block the komodo dragon's attack.
You hit the komodo dragon.
The komodo dragon looks as sick as possible!
The komodo dragon is heavily wounded.
You feel sick. The komodo dragon barely misses you.
You hit the komodo dragon.
The komodo dragon looks as sick as possible!
The komodo dragon is heavily wounded.
You feel sick. You block the komodo dragon's attack.
You completely miss the komodo dragon.
You headbutt the komodo dragon, but do no damage.
The komodo dragon is heavily wounded.
You block the komodo dragon's attack.
You are confused.
You feel invigorated.
You feel sick. The komodo dragon bites you!
* * * LOW HITPOINT WARNING * * *
Unknown command.
You hit the komodo dragon but do no damage.
The komodo dragon looks as sick as possible!
Your headbutt misses the komodo dragon.
The komodo dragon is heavily wounded.
You feel sick. The komodo dragon bites you!
* * * LOW HITPOINT WARNING * * *
You're too confused to move!
You feel less invigorated.
You feel less confused.
You feel sick. The komodo dragon closely misses you.
You hit the komodo dragon.
The komodo dragon looks as sick as possible!
The komodo dragon is severely wounded.
The komodo dragon misses you.
You hit the komodo dragon but do no damage.
The komodo dragon looks as sick as possible!
The komodo dragon is severely wounded.
You feel sick. The komodo dragon bites you!!
* * * LOW HITPOINT WARNING * * *
You completely miss the komodo dragon.
The komodo dragon is severely wounded.
* * * LOW HITPOINT WARNING * * *
You feel sick. The komodo dragon bites you.
You die...

#.## ##.## ..........
##÷## .......... ##.##
........ ##.## ≈≈≈≈...
##.## #≈≈.. ##.####≈.#
#####†.##~.#####
#.......#≈.@lll#
#...###.#~≈##lll#
####..###.≈~≈≈≈###lk..#
#~#..## ####~≈≈# #≈.##
##≈~..#####~~≈≈## ≈...
#~~≈≈.#~~~~~~≈~~~ l...
###~≈≈~~~# ###~##~~ ...
#~~≈≈.~### ..# ### .##
~~≈≈...~# ...


You could see 2 komodo dragons, a rime drake, an iguana and 4 frilled lizards.

Vanquished Creatures
  Harold (D:10)
  A two-headed ogre (D:10)
  Nergalle (Lair:1)
  A black mamba (Lair:1)
  Joseph (Lair:1)
  3 cane toads (Lair:1)
  3 unseen horrors
  2 rime drakes
  2 komodo dragons (Lair:1)
  A queen bee (D:10)
  A troll (D:9)
  The ghost of hackum the Ducker, an amateur MfGl of Okawaru (D:4)
  4 shadows
  3 yaks (D:10)
  A basilisk (Lair:1)
  2 wyverns
  2 steam dragons
  An acid dragon (D:10)
  4 water moccasins
  6 ice beasts (D:10)
  7 orc warriors
  2 sky beasts
  4 wolves
  6 centaurs
  A phantom (D:6)
  A kobold brigand (D:5)
  2 gnoll sergeants
  4 bullfrogs
  3 scorpions
  31 killer bees
  3 howler monkeys
  7 orc priests
  2 gnoll boudas
  2 hounds
  16 iguanas
  Terence (D:2)
  A sleepcap (D:5)
  9 orc wizards
  24 gnolls
  An adder (D:2)
  A shadow imp (D:7)
  A white imp (D:5)
  A worm (D:3)
  4 dart slugs
  34 orcs
  3 bats
  8 endoplasms
  3 giant cockroaches
  7 goblins
  7 hobgoblins
  2 quokkas
  6 ball pythons
  18 frilled lizards
  4 kobolds
  7 rats
274 creatures vanquished.

Vanquished Creatures (others)
  A wizard (D:8)
  6 fungi (Lair:1)
  21 plants
28 creatures vanquished.

Grand Total: 302 creatures vanquished

Notes
Turn   | Place    | Note
-------+----------+-------------------------------------------
     0 | D:1      | grindst0ne the Minotaur Monk began the quest for the Orb.
     0 | D:1      | Reached XP level 1. HP: 19/19 MP: 0/0
   219 | D:1      | Reached skill level 4 in Fighting
   227 | D:1      | Reached XP level 2. HP: 27/27 MP: 1/1
   451 | D:1      | Found Liaripp's Weapon Emporium.
   901 | D:2      | Reached XP level 3. HP: 31/34 MP: 2/2
  1346 | D:2      | Reached skill level 1 in Armour
  1480 | D:2      | Noticed Terence
  1481 | D:2      | Found Seblopupp's Jewellery Emporium.
  1487 | D:2      | Killed Terence
  1488 | D:2      | Reached XP level 4. HP: 38/41 MP: 3/3
  1719 | D:3      | Noticed a bullfrog
  1732 | D:3      | Killed a bullfrog
  1733 | D:3      | Reached skill level 5 in Fighting
  1733 | D:3      | Reached skill level 5 in Axes
  1733 | D:3      | Reached XP level 5. HP: 31/48 MP: 4/4
  1974 | D:3      | Found an iron altar of Okawaru.
  2160 | D:4      | Found a stormy altar of Qazlal.
  2316 | D:4      | Found a staircase to the Ecumenical Temple.
  2329 | Temple   | Entered the Ecumenical Temple
  2401 | D:4      | Reached XP level 6. HP: 42/56 MP: 5/5
  2530 | D:4      | Found a burning altar of Makhleb.
  2575 | D:4      | Found a runed translucent gate.
  2578 | D:4      | Found a runed translucent gate.
  2579 | D:4      | Found a runed translucent gate.
  2580 | D:4      | Found an opulent altar of Gozag.
  2581 | D:4      | Noticed hackum's ghost (amateur MfGl)
  2738 | D:4      | Found a sacrificial altar of Ru.
  2919 | D:5      | Entered Level 5 of the Dungeon
  2927 | D:5      | Noticed a wyvern
  2940 | D:5      | Killed a wyvern
  2941 | D:5      | Reached skill level 5 in Armour
  3097 | D:5      | Reached skill level 6 in Fighting
  3097 | D:5      | Reached XP level 7. HP: 62/63 MP: 6/6
  3591 | D:5      | Found a radiant altar of Vehumet.
  3591 | D:5      | Noticed a shadow
  3592 | D:5      | Found a sparkling altar of Nemelex Xobeh.
  3594 | D:5      | Found a glowing silver altar of Zin.
  3597 | D:5      | Found a transporter.
  3609 | D:5      | Found a transporter.
  3819 | D:6      | Reached XP level 8. HP: 64/71 MP: 7/7
  3929 | D:6      | Reached skill level 7 in Fighting
  4979 | D:6      | Reached skill level 1 in Evocations
  5252 | D:7      | Reached skill level 8 in Fighting
  6122 | D:4      | Reached XP level 9. HP: 68/82 MP: 8/8
  6123 | D:4      | Gained mutation: You are clumsy. (Dex -2) [potion of
                  | mutation]
  6123 | D:4      | Gained mutation: You are partially covered in large bone
                  | plates. (SH +4) [potion of mutation]
  6136 | D:4      | Killed hackum's ghost
  6285 | D:5      | HP: 4/82 [shadow (9)]
  6750 | D:8      | Reached skill level 9 in Fighting
  7183 | D:8      | Found a glowing golden altar of the Shining One.
  7235 | D:8      | Found a bloodstained altar of Trog.
  7238 | D:8      | Noticed a wizard
  7244 | D:8      | Killed a wizard
  8309 | D:9      | Reached skill level 10 in Fighting
  8309 | D:9      | Reached skill level 5 in Evocations
  8320 | D:9      | Reached skill level 10 in Axes
  8478 | D:9      | Found a broken altar of Ashenzari.
  8517 | D:9      | Reached XP level 10. HP: 73/93 MP: 9/9
  9481 | D:10     | Entered Level 10 of the Dungeon
  9787 | D:10     | Reached skill level 11 in Fighting
 10044 | D:10     | Found a staircase to the Lair.
 10325 | D:10     | Noticed a two-headed ogre
 10338 | D:10     | Killed a two-headed ogre
 10844 | D:10     | Noticed Harold
 10864 | D:10     | Killed Harold
 10865 | D:10     | Reached skill level 12 in Fighting
 10982 | D:10     | Reached XP level 11. HP: 59/105 MP: 10/10
 11973 | D:10     | Found a snail-covered altar of Cheibriados.
 11973 | D:10     | Found a shadowy altar of Dithmenos.
 11978 | D:10     | Became a worshipper of Cheibriados the Contemplative
 11978 | D:10     | Reached * piety under Cheibriados
 11978 | D:10     | Reached ** piety under Cheibriados
 12143 | D:10     | Reached skill level 13 in Fighting
 12847 | D:2      | Bought the ring "Jothuss" {Contam rPois rF+ rCorr Str+3}
                  | for 483 gold pieces
 13130 | Lair:1   | Entered Level 1 of the Lair of Beasts
 13130 | Lair:1   | Noticed Joseph
 13237 | Lair:1   | Killed Joseph
 13324 | Lair:1   | Found a bloodstained altar of Trog.
 13345 | Lair:1   | Reached skill level 1 in Invocations
 13588 | Lair:1   | Noticed Nergalle
 13589 | Lair:1   | Upgraded the game from 0.30-a0-972-gf3ab3527aa to
                  | 0.30-a0-986-g7f2e898f52
 13687 | Lair:1   | Killed Nergalle
 13706 | Lair:1   | Identified a scroll of acquirement
 13710 | Lair:1   | Acquired a manual of Necromancy
 13890 | Lair:1   | Noticed a catoblepas
 14167 | Lair:1   | Reached *** piety under Cheibriados
 14234 | Lair:1   | Reached skill level 14 in Fighting
 14234 | Lair:1   | Reached skill level 5 in Invocations
 14246 | Lair:1   | HP: 2/110 [komodo dragon (19)]
 14247 | Lair:1   | Slain by a komodo dragon

Illustrated notes

Levels and vault maps discovered:
D:1:      elethiomel_arrival_shortcut, layout_basic, serial_shops,
          nicolae_shop_bloodbath_and_beyond
D:2:      layout_basic, serial_shops, nicolae_shop_trees, serial_bayou_lagoon_a,
          uniq_terence
D:3:      layout_rooms, general_overflow_altar, minmay_checkerbox
D:4:      layout_basic, marbit_many_paths, nicolae_qazlal_eye_of_the_storm,
          nicolae_ru_awakened_eye, minmay_temple_entry_stoned_glass,
          ebering_ghost_gozag, grunt_decor_one_mirror, minmay_misc_feat_iff,
          minmay_lizard_king
D:5:      layout_basic, gammafunk_temple_overflow_arena
D:6:      layout_basic, hangedman_abyss_or_decor_jellyfish_corner
D:7:      layout_gridville
D:8:      layout_loops_ring, nicolae_tso_carved_into_rock, trog_wizard
D:9:      layout_stronghold, nicolae_ashenzari_panopticon, solitary_fountain,
          minmay_misc_feat_rows
D:10:     layout_basic, gammafunk_temple_overflow_statue,
          hellmonk_lair_entry_icy, special_room [special_room_bee], uniq_harold
Temple:   hellmonk_temple_rainy
Lair:1:   lemuel_reptile_caves, layout_gridlike, basic_altar, st_stairs_10,
          lemuel_oklob_altar, uniq_fannar, uniq_nergalle, uniq_joseph

Skill      XL: |  1  2  3  4  5  6  7  8  9 10 11 |
---------------+----------------------------------+-----
Fighting       | 4 5 6 8 10 12 14 | 14.0
Axes           | 4 5 6 8 10 12 13 | 13.4
Armour         | 2 3 4 5 7 8 |  8.1
Evocations     | 2 5 6 |  6.0
Invocations    | 5 |  5.0
Dodging        | |  3.2
Stealth        | |  1.5

Action                     |  1- 3 |  4- 6 |  7- 9 | 10-12 || total
---------------------------+-------+-------+-------+-------++-------
  Melee: Hand axe          |    10 |       |       |       ||    10
         Headbutt          |    10 |    26 |   108 |   154 ||   298
         Dagger            |    44 |   116 |   465 |   558 ||  1183
         Punch             |       |       |    12 |     5 ||    17
  Throw: Dart              |       |     5 |       |       ||     5
         Throwing net      |       |       |     2 |       ||     2
  Evoke: Wand              |       |       |     4 |     5 ||     9
    Use: Potion            |       |     1 |    20 |     7 ||    28
         Scroll            |       |       |       |    12 ||    12
   Stab: Sleeping          |     5 |       |       |       ||     5
         Paralysed         |       |       |     6 |     4 ||    10
 Armour: Robe              |     3 |       |       |       ||     3
         Chain mail        |     8 |    36 |   258 |   322 ||   624
         Skin              |       |     8 |    47 |       ||    55
  Dodge: Dodged            |    26 |    28 |   125 |   186 ||   365
  Block: Other             |     3 |    17 |   163 |   277 ||   460
         Reflection        |       |     2 |    14 |     6 ||    22

Table legend: (Time is in decaauts)
 A = Elapsed time spent in this place.
 B = Non-inter-level travel time spent in this place.
 C = Inter-level travel time spent in this place.
 D = Time resting spent in this place.
 E = Time spent auto-exploring this place.
 F = Levels seen in this place.
 G = Mean time per level.
                   A        B        C        D        E       F      G
               +--------+--------+--------+--------+--------+-----+--------+
         Total |  14894 |  13581 |   1313 |   2243 |   7931 |  12 | 1241.2 |
       Dungeon |  13647 |  12361 |   1286 |   2095 |   7315 |  10 | 1364.7 |
        Temple |     18 |     16 |      2 |      0 |      0 |   1 |   18.0 |
          Lair |   1228 |   1204 |     24 |    148 |    615 |   1 | 1228.0 |
               +--------+--------+--------+--------+--------+-----+--------+

Top non-repeatable levels by time:
    D:10: 2782 daAuts
     D:9: 2045 daAuts
     D:5: 1718 daAuts
     D:6: 1236 daAuts
  Lair:1: 1228 daAuts
     D:8: 1225 daAuts
     D:4: 1065 daAuts
     D:7: 1044 daAuts
     D:2: 1031 daAuts
     D:1: 855 daAuts
     D:3: 642 daAuts
  Temple: 18 daAuts
